 Dungeon Crawl Stone Soup version 0.32-a0-699-g1ee5eff69a (webtiles) character file.

Game seed: 15248608197904117314

96 cforsyth the Chopper (level 4, -2/40 HPs)
             Began as a Mountain Dwarf Cinder Acolyte on Mar 14, 2024.
             Was a High Priest of Ignis.
             Slain by an orc
             ... wielding a +0 flail
              (7 damage)
             ... on level 3 of the Dungeon.
             The game lasted 00:03:40 (3148 turns).

cforsyth the Chopper (MDCA)                         Turns: 3148, Time: 00:03:40

Health: -2/40      AC:  3    Str: 16    XL:     4   Next: 41%
Magic:  5/6        EV: 10    Int: 17    God:    Ignis [*****.]
Gold:   145        SH:  0    Dex:  5    Spells: 4/6 levels left

rFire   + . .        a - -1 hand axe (flame)
rCold   . . .        (no shield)
rNeg    . . .        b - +0 robe
rPois   .            m - +0 helmet
rElec   .            (no cloak)
rCorr   .            (no gloves)
SInv    .            (no boots)
Will    .....        (no amulet)
Stlth   +            (no ring)
HPRegen 0.26/turn    (no ring)
MPRegen 0.10/turn

%: no passive effects
@: no status effects
A: runic magic, artefact enchanting
a: Renounce Religion, Fiery Armour, Foxfire Swarm, Rising Flame


You were on level 3 of the Dungeon.
You worshipped Ignis.
Ignis was extremely pleased with you.
You visited 1 branch of the dungeon, and saw 3 of its levels.

You collected 145 gold pieces.


Innate Abilities, Weirdness & Mutations

Your spellcasting is much less encumbered by armour.
You can use scrolls of enchantment on lesser artefacts.


   Skills:
 + Level 3.9 Fighting
 + Level 4.3 Axes
 + Level 1.7 Armour
 + Level 1.8 Spellcasting
 + Level 4.2 Fire Magic


You had 4 spell levels left.
You knew the following spells:

 Your Spells              Type           Power      Damage    Failure   Level
X - Scorch                Fire           32%        2d6       5%          2

Your spell library contained the following spells:

 Spells                   Type           Power      Damage    Failure   Level
 Kiss of Death            Conj/Necr      4%         2d5       21%         1
 Magic Dart               Conj           4%         1d3       21%         1
 Cigotuvi's Dreadful Rot  Necr/Alch/Air  2%         N/A       30%         2
 Searing Ray              Conj           2%         2d4       30%         2
 Confusing Touch          Hex            1%         N/A       52%         3
 Dispel Undead            Necr           1%         3d6       89%         4
 Fulminant Prism          Conj/Alch      0%         3d5       89%         4
 Martyr's Knell           Necr/Summ      1%         N/A       89%         4

Inventory:

Hand Weapons
 a - a -1 hand axe of flaming (weapon)
Armour
 b - a +0 robe (worn)
 m - a +0 helmet (worn)
Scrolls
 c - a scroll of teleportation {unknown}
 d - 2 scrolls of brand weapon {unknown}
 f - 6 scrolls of identify {unknown}
 h - 2 scrolls of noise {unknown}
 j - a scroll of blinking {unknown}
 k - a scroll of acquirement {unknown}
Potions
 e - a potion of heal wounds {@q2}
 g - a potion of cancellation {unknown}
 i - a potion of haste {unknown}
 n - a potion of lignification {unknown}

Dungeon Overview and Level Annotations

Branches:
Dungeon (3/15)

Altars:
Beogh

#.##....................#
#.##........###.#######.#
#.##.......†# #.# .#
#.##........# #.# ..
#.##........###.#######.##
#.##........#..)......#
#.##........#.#.####.##
#<##........#.#.# #.#
#.###########.#@# #.# ###
#.#o####'###########
#.#..Ko.............
#.#####o............ #.#
#............. #.#
#............. #.#
#...o.........
#.............
#..[..........


You could see an orc.


Message History

Found a roughly hewn altar of Beogh.
An orc comes into view. It is wielding a +0 flail.
An orc priest comes into view. It is wielding a +0 whip.
An orc priest comes into view. It is wielding a +0 club.
Found 10 gold pieces.
The orc priest shouts!
The orc hits you but does no damage. The kobold completely misses you.
The orc hits you with a +0 flail.
The orc priest attacks as it pursues you!
The orc priest closely misses you. The kobold attacks as it pursues you!
The kobold hits you with a +0 club.
The orc priest attacks as it pursues you!
The orc priest misses you. The kobold attacks as it pursues you!
The kobold barely misses you. The kobold attacks as it pursues you!
The kobold hits you but does no damage.
The orc priest calls down the wrath of Beogh upon you.
Beogh smites you! The kobold attacks as it pursues you!
The kobold hits you with a +0 club.
The orc priest looks braver for a moment.
The orc hits you with a +0 flail!
* * * LOW HITPOINT WARNING * * *
You see here a +0 club.
The orc priest mumbles some strange prayers to Beogh against you.
Beogh smites you!
* * * LOW HITPOINT WARNING * * *
Unknown command.
The orc attacks as it pursues you! The orc barely misses you.
The orc attacks as it pursues you! The orc hits you with a +0 flail!
You die...
Ignis goes out, and joins you in death.

Skill      XL: |  1  2 |
---------------+-------+-----
Armour         | 1 |  1.7
Axes           | 4 |  4.3
Fire Magic     | 4 |  4.2
Fighting       | |  3.9
Spellcasting   | |  1.8

Action                     |  1- 3 |  4- 6 || total
---------------------------+-------+-------++-------
  Melee: Hand axe          |    87 |     8 ||    95
   Cast: Scorch            |    22 |    24 ||    46
    Use: Potion            |     1 |       ||     1
 Armour: Robe              |    84 |    21 ||   105
  Dodge: Dodged            |    59 |    10 ||    69

Levels and vault maps discovered:
D:1:      dpeg_arrival_short_road, layout_loops_ring,
          shapermc_ecumenical_altar_mp_vishouse, grunt_decor_junction
D:2:      layout_basic
D:3:      layout_basic, kennysheep_orc_chapel

Notes
Turn   | Place    | Note
-------+----------+-------------------------------------------
     0 | D:1      | cforsyth the Mountain Dwarf Cinder Acolyte began the quest
                  | for the Orb.
     0 | D:1      | Reached XP level 1. HP: 19/19 MP: 2/2
   178 | D:1      | Reached XP level 2. HP: 5/26 MP: 3/3
   307 | D:1      | Learned a level 2 spell: Scorch
   536 | D:1      | Reached skill level 1 in Armour
   753 | D:1      | Reached skill level 4 in Axes
   753 | D:1      | Reached skill level 4 in Fire Magic
   753 | D:1      | Reached XP level 3. HP: 27/31 MP: 5/5
  1043 | D:1      | Found a faded altar of an unknown god.
  2176 | D:2      | Reached XP level 4. HP: 21/40 MP: 2/6
  3136 | D:3      | Found a roughly hewn altar of Beogh.
  3148 | D:3      | Slain by an orc

Vanquished Creatures
  2 adders (D:2)
  A ribbon worm (D:3)
  5 dart slugs
  2 orcs (D:3)
  5 endoplasms (D:3)
  3 giant cockroaches (D:1)
  8 goblins
  4 hobgoblins
  2 jackals (D:1)
  2 quokkas
  9 ball pythons
  7 bats
  5 kobolds
  5 rats
60 creatures vanquished.

Table legend: (Time is in decaauts)
 A = Elapsed time spent in this place.
 B = Non-inter-level travel time spent in this place.
 C = Inter-level travel time spent in this place.
 D = Time resting spent in this place.
 E = Time spent auto-exploring this place.
 F = Levels seen in this place.
 G = Mean time per level.
                   A        B        C        D        E       F      G
               +--------+--------+--------+--------+--------+-----+--------+
         Total |   3157 |   3130 |     27 |    105 |   2581 |   3 | 1052.3 |
       Dungeon |   3157 |   3130 |     27 |    105 |   2581 |   3 | 1052.3 |
               +--------+--------+--------+--------+--------+-----+--------+

Top non-repeatable levels by time:
     D:2: 1206 daAuts
     D:1: 1147 daAuts
     D:3: 803 daAuts

Table legend:
 A = Non-vault XP
 B = Vault XP
 C = Vault XP percentage of total XP
 D = Non-vault monster count
 E = Vault monster count
 F = Vault count percentage of total count
                 A         B        C        D         E       F
            +---------+---------+-------+---------+---------+-------
      Total |     138 |       0 |   0.0 |      60 |       0 |   0.0
            +---------+---------+-------+---------+---------+-------
        D:1 |      52 |       0 |   0.0 |      27 |       0 |   0.0
        D:2 |      51 |       0 |   0.0 |      15 |       0 |   0.0
        D:3 |      35 |       0 |   0.0 |      18 |       0 |   0.0
            +---------+---------+-------+---------+---------+-------
